 Dungeon Crawl Stone Soup version 0.22-a0-283-g1871b15 (webtiles) character file.

85 nikopol the Magician (level 4, 0/24 HPs)
             Began as a Deep Elf Fire Elementalist on Mar 19, 2018.
             Shot with a stone by a goblin (6 damage)
             ... led by Robin
             ... on level 2 of the Dungeon.
             The game lasted 00:07:02 (1991 turns).

nikopol the Magician (Deep Elf Fire Elementalist)   Turns: 1991, Time: 00:07:02

Health: 0/24       AC:  4    Str:  5    XL:     4   Next: 25%
Magic:  0/12       EV: 13    Int: 21    God:
Gold:   99         SH:  0    Dex: 15    Spells: 1/11 levels left

rFire    . . .     SeeInvis .   i - +0 dagger (curse)
rCold    . . .     Gourm    .   (no shield)
rNeg     . . .     Faith    .   a - +0 robe
rPois    .         Spirit   .   p - +0 helmet
rElec    .         Reflect  .   (no cloak)
rCorr    .         Harm     .   e - +0 pair of gloves
MR       .....                  (no boots)
Stlth    ++........             (no amulet)
HPRegen  0.08/turn              (no ring)
MPRegen  0.13/turn              (no ring)

@: very slightly contaminated
A: no striking features
a: no special abilities


You were on level 2 of the Dungeon.
You were not hungry.

You visited 1 branch of the dungeon, and saw 2 of its levels.

You collected 99 gold pieces.

Inventory:

Hand Weapons
 d - a +0 dagger
 i - a cursed +0 dagger (weapon)
Armour
 a - a +0 robe (worn)
 e - a +0 pair of gloves (worn)
 p - a +0 helmet (worn)
Jewellery
 j - an uncursed ring of ice {unknown}
 o - a +6 ring of protection {unknown}
Scrolls
 f - a scroll of enchant weapon {unknown}
 l - 2 scrolls of remove curse {unknown}
 q - a scroll of immolation {unknown}
 r - a scroll of random uselessness {unknown}
 s - a scroll of amnesia {unknown}
Potions
 g - 3 potions of haste {unknown}
 h - a potion of heal wounds {unknown}
 k - a potion of magic {unknown}
 m - a potion of flight {unknown}
 n - a potion of mutation {unknown}
 t - a potion of agility {unknown}
Comestibles
 b - a chunk of flesh
 c - 3 rations


   Skills:
 + Level 0.3 Fighting
 + Level 2.6 Dodging
 + Level 2.6 Stealth
 + Level 4.3 Spellcasting
 + Level 2.0 Conjurations
 + Level 4.2 Fire Magic


You had one spell level left.
You knew the following spells:

 Your Spells              Type           Power        Failure   Level  Hunger
a - Flame Tongue          Conj/Fire      ###..        3%          1    None
b - Throw Flame           Conj/Fire      ###...       4%          2    #......
c - Conjure Flame         Conj/Fire      ###.....     10%         3    ##.....
d - Sticky Flame          Conj/Fire      ###.....     30%         4    ####...


Dungeon Overview and Level Annotations

Branches:
Dungeon (2/15)

Altars:
Qazlal

Annotations:
D:2 Robin, Sigmund


Message History

Casting: Conjure Flame (safe; 10% risk of failure)
Confirm with . or Enter, or press ? or * to list all spells.
Aiming: Flame Tongue (safe; 3% risk of failure)
Press: ? - help, Shift-Dir - straight line, f - hobgoblin
Aim: a hobgoblin, wielding a club (unusually strong)
The flame tongue hits the hobgoblin.
You kill the hobgoblin!
Casting: Flame Tongue (safe; 3% risk of failure)
Confirm with . or Enter, or press ? or * to list all spells.
Aiming: Flame Tongue (safe; 3% risk of failure)
Press: ? - help, Shift-Dir - straight line, f - goblin
Aim: a goblin, wielding a dagger (unusually strong)
The flame tongue hits the goblin.
You kill the goblin!
Casting: Flame Tongue (safe; 3% risk of failure)
Confirm with . or Enter, or press ? or * to list all spells.
You don't have enough magic to cast that spell.
The goblin wields an uncursed hunting sling.
The goblin shoots a stone.
The stone hits you.
You die...

...........................>.
###.###.#.###########..#.##.#.
.................#<......# .#.
###..##.#..#####.####..####.
............# #.#..........#
..........#.## #.#.##....)##+
.....≈....#..# #.#.##.....#
≈≈≈.......##.###.#.##.....#
##≈###....##..##@#.##.....#
#≈≈≈≈#....###.##.#.##.....#
#≈_.≈≈§≈§.# #.##g#.##..#########
#≈>.≈#≈≈§.###..#g#.##...........
#≈≈≈≈≈§....(##.#.#.##...##.....#
≈#.+.#≈.....##.#s#.##...##.....#
≈≈...............#..............
............##.g#####...####....
.........+#.###.#.......# ..


You could see a giant cockroach, a hobgoblin and 2 goblins.

Vanquished Creatures
  2 adders (D:2)
  2 oozes
  2 worms (D:2)
  2 dart slugs
  2 leopard geckos
  3 giant cockroaches
  9 goblins
  6 hobgoblins
  4 jackals (D:1)
  3 kobolds (D:1)
  4 bats
  3 rats
42 creatures vanquished.

Notes
Turn   | Place    | Note
-------+----------+-------------------------------------------
     0 | D:1      | nikopol the Deep Elf Fire Elementalist began the quest for the Orb.
     0 | D:1      | Reached XP level 1. HP: 10/10 MP: 6/6
   142 | D:1      | Reached XP level 2. HP: 15/15 MP: 2/8
   605 | D:1      | Reached XP level 3. HP: 19/19 MP: 6/10
  1035 | D:2      | Found a stormy altar of Qazlal.
  1194 | D:2      | Reached XP level 4. HP: 24/24 MP: 9/12
  1221 | D:2      | Learned a level 2 spell: Throw Flame
  1225 | D:2      | Learned a level 3 spell: Conjure Flame
  1230 | D:2      | Learned a level 4 spell: Sticky Flame
  1440 | D:2      | Noticed Sigmund
  1940 | D:2      | Noticed Robin
  1991 | D:2      | Shot with a stone by a goblin

Vault maps used:
D:1:      tarquinn_simple_flora_water_b
D:2:      old_standard_altar, nicolae_qazlal_general_emergency, uniq_robin,
          uniq_sigmund

Skill      XL: |  1  2  3  4 |
---------------+-------------+-----
Fire Magic     | 4 |  4.2
Spellcasting   | 4 |  4.3
Conjurations   | 2 |  2.0
Fighting       | |  0.3
Dodging        | |  2.6
Stealth        | |  2.6

Action                   |  1- 3 |  4- 6 || total
-------------------------+-------+-------++-------
Melee: Dagger            |       |     2 ||     2
 Cast: Flame Tongue      |    67 |    34 ||   101
       Conjure Flame     |       |     3 ||     3
       Throw Flame       |       |     2 ||     2
  Eat: Chunk             |     1 |       ||     1
       Ration            |       |     1 ||     1
Armor: Robe              |     8 |     8 ||    16
Dodge: Dodged            |    19 |    18 ||    37

Table legend:
 A = Spawn XP
 B = Non-spawn XP
 C = Spawn XP percentage of total XP
 D = Spawn monster count
 E = Non-spawn monster count
 F = Spawn count percentage of total count
 G = Total turns spent on level
                    A         B        C        D         E        F      G
               +---------+---------+-------+---------+---------+-------+---------
         Total |       0 |     122 |   0.0 |       0 |      42 |   0.0 |  1991
               +---------+---------+-------+---------+---------+-------+---------
           D:1 |       0 |      43 |   0.0 |       0 |      19 |   0.0 |  1250
           D:2 |       0 |      79 |   0.0 |       0 |      23 |   0.0 |   741
               +---------+---------+-------+---------+---------+-------+---------
